 Dungeon Crawl Stone Soup version 0.29.1-1-gd02db6906a (webtiles) character file.

Game seed: 12895275865756952186

84 hawla the Firebug (level 5, -4/38 HPs)
             Began as a Meteoran Fire Elementalist on Oct 8, 2022.
             Constricted to death by a naga (5 damage)
             ... on level 3 of the Dungeon.
             The game lasted 00:05:16 (1173 turns).

hawla the Firebug (Meteoran Fire Elementalist)      Turns: 1173, Time: 00:05:17

Health: -4/38      AC:  5    Str:  9    XL:     5   Next: 4%
Magic:  7/10       EV: 10    Int: 18    God:
Gold:   83         SH:  5    Dex: 15    Spells: 7/10 levels left

rFire   . . .      SeeInvis .   (no weapon)
rCold   . . .      Faith    .   (no shield)
rNeg    . . .      Spirit   .   a - +0 robe
rPois   .          Reflect  +   (no helmet)
rElec   .          Harm     .   (no cloak)
rCorr   .          Rampage  .   d - +2 pair of gloves
Will    .....                   (no boots)
Stlth   +.........              c - amulet of reflection
HPRegen 0.12/turn               (no ring)
MPRegen 0.12/turn               (no ring)

@: mighty, glowing, constricted
A: sense surroundings 1, otherworldly, glowing, explore regen
a: no special abilities


You were on level 3 of the Dungeon.
You visited 1 branch of the dungeon, and saw 3 of its levels.

You collected 83 gold pieces.

Inventory:

Armour
 a - a +0 robe (worn)
 d - a +2 pair of gloves (worn)
Jewellery
 c - an amulet of reflection (around neck)
Wands
 m - a wand of flame (17)
Potions
 b - a potion of magic
 e - a potion of degeneration
 f - 3 potions of might
 g - 2 potions of curing {unknown}
 i - a potion of resistance
 j - a potion of ambrosia
 l - a potion of attraction {unknown}


   Skills:
 + Level 2.7 Dodging
 + Level 1.6 Stealth
 + Level 3.3 Spellcasting
 + Level 2.2 Conjurations
 + Level 5.1 Fire Magic


You had 7 spell levels left.
You knew the following spells:

 Your Spells              Type           Power      Damage    Failure   Level
a - Foxfire               Conj/Fire      64%        2x1d7     3%          1
b - Scorch                Fire           42%        2d7       3%          2

Your spell library contained the following spells:

 Spells                   Type           Power      Damage    Failure   Level
 Conjure Flame            Conj/Fire      16%        6-21      11%         3
 Inner Flame              Hex/Fire       12%        N/A       17%         3
 Flame Wave               Conj/Fire      16%        2d7       34%         4


Dungeon Overview and Level Annotations

Branches:
Dungeon (3/15) Zot: 626

Altars:
Ashenzari


Innate Abilities, Weirdness & Mutations

You passively map a small area around you.
You are easily found by Zot.
You glow in the dark.
You regain HP and MP as you explore.


Message History

Things that are here:
a +0 club; a kobold corpse You see here a scroll labelled YRGHAXU CAERURU.
As you read the scroll labelled YRGHAXU CAERURU, it crumbles to dust.
You feel strangely unstable.
It was a scroll of teleportation.
Your surroundings suddenly seem different.
A naga comes into view. It is wielding a +0 hand axe.
The spriggan rider shouts!
Casting: Scorch (safe; 3% risk of failure)
Confirm with . or Enter, or press ? or * to list all spells.
You don't know that spell.
Casting: Scorch (safe; 3% risk of failure)
Confirm with . or Enter, or press ? or * to list all spells.
Flames lash the naga.
The naga shouts!
The naga is lightly wounded.
The naga's fire resistance burns away.
You hear a shout!
A naga comes into view.
It is wielding a +0 broad axe and wearing a +2 robe of positive energy.
The naga completely misses you. The naga grabs you. The naga constricts you.
Casting: Scorch (safe; 3% risk of failure)
Confirm with . or Enter, or press ? or * to list all spells.
Flames lash the naga.
The naga is lightly wounded.
The naga's fire resistance burns away.
The naga hits you with a +0 hand axe! The naga constricts you.
Unknown command.
You aren't carrying any scrolls.
It was a potion of might.
You feel very mighty all of a sudden. The naga hits you with a +0 hand axe.
* * * LOW HITPOINT WARNING * * *
The naga constricts you.
* * * LOW HITPOINT WARNING * * *
You hit the naga. Your punch misses the naga.
The naga is moderately wounded.
The naga hits you with a +0 hand axe.
* * * LOW HITPOINT WARNING * * *
The naga constricts you.
You die...

* ,* , , * , ,
, , , * *** *
,# , .##
#####...##* ,
* #N≈@#...#♣ *
#.N##...#i♣
#.N #...#§§ *
* *###.#...#~♣
##.##...#♣.♣#
* *
,#..##...#♣♣.#
, ,
#...#...#♣§♣#
*
#.#S#._.#§≈§#
##.N#...#≈§♣#


You could see a spriggan rider and 3 nagas.

Vanquished Creatures
  4 gnolls (D:2)
  2 dart slugs (D:1)
  3 orcs (D:2)
  4 ball pythons
  2 endoplasms
  5 goblins
  3 hobgoblins
  5 kobolds
  4 bats
  3 frilled lizards
  5 rats
40 creatures vanquished.

Vanquished Creatures (others)
  75 foxfires
75 creatures vanquished.

Grand Total: 115 creatures vanquished

Notes
Turn   | Place    | Note
-------+----------+-------------------------------------------
     0 | D:1      | hawla the Meteoran Fire Elementalist began the quest for
                  | the Orb.
     0 | D:1      | Reached XP level 1. HP: 14/14 MP: 5/5
    27 | D:1      | Reached skill level 4 in Fire Magic
    54 | D:1      | Reached XP level 2. HP: 20/20 MP: 4/6
   192 | D:1      | Reached XP level 3. HP: 26/26 MP: 5/8
   195 | D:1      | Learned a level 2 spell: Scorch
   500 | D:1      | Glimpsed the power of Zot.
   526 | D:2      | Reached XP level 4. HP: 9/33 MP: 4/9
   554 | D:2      | Reached skill level 5 in Fire Magic
   839 | D:2      | Found a faded altar of an unknown god.
  1100 | D:2      | Glimpsed the power of Zot.
  1109 | D:3      | Reached XP level 5. HP: 38/38 MP: 7/10
  1145 | D:3      | Found a broken altar of Ashenzari.
  1150 | D:3      | Saw a vision of the Swamp and the Snake Pit.
  1150 | D:3      | Noticed a shock serpent
  1150 | D:3      | Noticed a naga
  1150 | D:3      | Noticed an eleionoma
  1150 | D:3      | Noticed a naga warrior
  1150 | D:3      | Noticed a naga warrior
  1150 | D:3      | Noticed a salamander
  1150 | D:3      | Noticed a vampire mosquito
  1150 | D:3      | Noticed a black mamba
  1150 | D:3      | Noticed a tentacled monstrosity
  1150 | D:3      | Noticed a naga
  1169 | D:3      | Noticed a naga
  1169 | D:3      | Noticed a spriggan rider
  1170 | D:3      | Noticed a naga
  1173 | D:3      | HP: 1/38 [naga/+0 hand axe (6)]
  1173 | D:3      | Constricted to death by a naga

Illustrated notes

Levels and vault maps discovered:
D:1:      dpeg_arrival_solitude, layout_basic, st_stairs_6,
          minmay_misc_feat_columns
D:2:      minmay_alternating_diamond, layout_basic,
          hellmonk_ecumenical_altar_run_dry
D:3:      layout_rooms, pf_just_have_faith, grunt_ashenzari_visionary
          [grunt_ashenzari_visionary_swamp, grunt_ashenzari_visionary_snake],
          gup_sewer_entry_bubbles

Skill      XL: |  1  2  3  4 |
---------------+-------------+-----
Fire Magic     | 4 5 |  5.1
Conjurations   | 2 |  2.2
Spellcasting   | 3 |  3.3
Dodging        | |  2.7
Stealth        | |  1.6

Action                   |  1- 3 |  4- 6 || total
-------------------------+-------+-------++-------
Melee: Unarmed           |     6 |     4 ||    10
       Punch             |     1 |       ||     1
 Cast: Foxfire           |    27 |    17 ||    44
       Scorch            |     3 |    14 ||    17
  Use: Scroll            |     1 |     5 ||     6
       Potion            |       |     1 ||     1
Armor: Robe              |     5 |     2 ||     7
Dodge: Dodged            |     6 |     9 ||    15
Block: Other             |       |     1 ||     1
